PAAA
PLYMOUTH ROCKS @ MILTON DOGFISH HEAD
09/16/2029
 
TOP OF THE 1ST
Plymouth Rocks batting - Pitching for Milton Dogfish Head : RHP Romano Martínez
Pitching: RHP Romano Martínez
Batting: LHB José Castillo 0-0: Ball
1-0: Foul Ball, location: 2F
1-1: Fly out, F9 (Flyball, 9S)
Batting: SHB Roku Hara 0-0: Ball
1-0: SINGLE (Flyball, 7S)
Batting: SHB Javier Vega 0-0: Called Strike
0-1: Ball
1-1: Foul Ball, location: 2F
1-2: Ball
2-2: Grounds into double play, 4-6-3 (Groundball, 4)
Top of the 1st over - 0 runs, 1 hit, 0 errors, 0 left on base; Plymouth 0 - Milton 0
BOTTOM OF THE 1ST
Milton Dogfish Head batting - Pitching for Plymouth Rocks : RHP Rafael Méndez
Pitching: RHP Rafael Méndez
Batting: RHB JoJo Victory 0-0: Called Strike
0-1: Foul Ball, location: 2F
0-2: Fly out, F7 (Flyball, 78M)
Batting: SHB Enrique Costello 0-0: Hit by Pitch
Batting: LHB Víctor Robledo 0-0: Ball
1-0: Reached on error, E4 (Groundball, 34)
Enrique Costello to second
Batting: RHB Paco Muñóz 0-0: Ball
1-0: Ball
2-0: Foul Ball, location: 2F
2-1: Ball
3-1: Foul Ball, location: 2F
3-2: SINGLE (Flyball, 78M)
Enrique Costello to third
Víctor Robledo to second
Runner from 3rd tries for Home, SAFE, no throw
Batting: LHB Floyd Long 0-0: Called Strike
0-1: Reached via error on a dropped throw, E6
Víctor Robledo to third
Paco Muñóz to second
Batting: RHB Luis Alomar 0-0: Fly out, F5 (Popup, 5SF)
Batting: RHB Miguel Montoya 0-0: Fielders Choice at 2nd, 6-4 (Groundball, 6)
Bottom of the 1st over - 1 run, 1 hit, 2 errors, 3 left on base; Plymouth 0 - Milton 1
TOP OF THE 2ND
Plymouth Rocks batting - Pitching for Milton Dogfish Head : RHP Romano Martínez
Batting: LHB Carlos Álvarez 0-0: Ball
1-0: Called Strike
1-1: Foul Ball, location: 2F
1-2: Ball
2-2: Ball
3-2: Foul Ball, location: 2F
3-2: Ground out 4-3 (Groundball, 4M)
Batting: SHB Arnold Griffith 0-0: Ground out 4-3 (Groundball, 4)
Batting: RHB Arturo Maldonado 0-0: Ball
1-0: Foul Ball, location: 2F
1-1: Ball
2-1: Ball
3-1: Called Strike
3-2: Base on Balls
Batting: RHB Hubert Dodson 0-0: Foul Ball, location: 2F
0-1: Fielders Choice at 2nd, 5-4 (Groundball, 5)
Top of the 2nd over - 0 runs, 0 hits, 0 errors, 1 left on base; Plymouth 0 - Milton 1
BOTTOM OF THE 2ND
Milton Dogfish Head batting - Pitching for Plymouth Rocks : RHP Rafael Méndez
Batting: LHB Edward Woodstock 0-0: Ball
1-0: Called Strike
1-1: Swinging Strike
1-2: Ball
2-2: Strikes out swinging
Batting: RHB Lorenzo Rosas 0-0: Ball
1-0: Foul Ball, location: 2F
1-1: Swinging Strike
1-2: SINGLE (Groundball, 6MD)
Batting: RHB JoJo Victory 0-0: Ball
1-0: Foul Ball, location: 2F
1-1: Foul Ball, location: 2F
1-2: Foul Ball, location: 2F
1-2: Fielders Choice at 2nd, 5-4 (Groundball, 56)
Batting: SHB Enrique Costello 0-0: Called Strike
0-1: Swinging Strike
0-2: Strikes out swinging
Bottom of the 2nd over - 0 runs, 1 hit, 0 errors, 1 left on base; Plymouth 0 - Milton 1
TOP OF THE 3RD
Plymouth Rocks batting - Pitching for Milton Dogfish Head : RHP Romano Martínez
Batting: RHB Andrew Weeks 0-0: Called Strike
0-1: Ball
1-1: Fly out, F8 (Flyball, 8RM)
Batting: RHB John Townsend 0-0: Ball
1-0: Ball
2-0: Ball
3-0: Base on Balls
Batting: LHB José Castillo 0-0: Ball
1-0: Called Strike
1-1: Called Strike
1-2: Ball
2-2: SINGLE (Line Drive, 8RS)
John Townsend to second
Batting: SHB Roku Hara 0-0: Swinging Strike
0-1: Swinging Strike
0-2: Strikes out swinging
Batting: SHB Javier Vega 0-0: Called Strike
0-1: Ball
1-1: 3-RUN HOME RUN (Line Drive, 9D), Distance : 365 ft
Batting: LHB Carlos Álvarez 0-0: Ball
1-0: Ball
2-0: Swinging Strike
2-1: Ball
3-1: Foul Ball, location: 2F
3-2: Base on Balls
Batting: SHB Arnold Griffith 0-0: Ball
1-0: Ball
2-0: DOUBLE (Flyball, 8LXD)
Carlos Álvarez to third
Runner from 3rd tries for Home, SAFE, no throw
Batting: RHB Arturo Maldonado 0-0: Called Strike
0-1: Fly out, F8 (Flyball, 8RD)
Top of the 3rd over - 4 runs, 3 hits, 0 errors, 1 left on base; Plymouth 4 - Milton 1
BOTTOM OF THE 3RD
Milton Dogfish Head batting - Pitching for Plymouth Rocks : RHP Rafael Méndez
Batting: LHB Víctor Robledo 0-0: Called Strike
0-1: Fly out, F9 (Flyball, 9)
Batting: RHB Paco Muñóz 0-0: Foul Ball, location: 2F
0-1: Foul Ball, location: 2F
0-2: Fly out, F7 (Line Drive, 7LD)
Batting: LHB Floyd Long 0-0: Swinging Strike
0-1: Swinging Strike
0-2: Ball
1-2: Foul Ball, location: 2F
1-2: Foul Ball, location: 2F
1-2: Strikes out swinging
Bottom of the 3rd over - 0 runs, 0 hits, 0 errors, 0 left on base; Plymouth 4 - Milton 1
TOP OF THE 4TH
Plymouth Rocks batting - Pitching for Milton Dogfish Head : RHP Romano Martínez
Batting: RHB Hubert Dodson 0-0: Ball
1-0: Foul Ball, location: 2F
1-1: Called Strike
1-2: Foul Ball, location: 2F
1-2: Fly out, F9 (Line Drive, 89M)
Batting: RHB Andrew Weeks 0-0: Fly out, F9 (Flyball, 9S)
Batting: RHB John Townsend 0-0: Ground out 4-3 (Groundball, 4)
Top of the 4th over - 0 runs, 0 hits, 0 errors, 0 left on base; Plymouth 4 - Milton 1
BOTTOM OF THE 4TH
Milton Dogfish Head batting - Pitching for Plymouth Rocks : RHP Rafael Méndez
Batting: RHB Luis Alomar 0-0: Ball
1-0: Ball
2-0: Ball
3-0: Called Strike
3-1: Ground out 5-3 (Groundball, 56)
Batting: RHB Miguel Montoya 0-0: Ball
1-0: Foul Ball, location: 2F
1-1: Ball
2-1: Swinging Strike
2-2: Foul Ball, location: 2F
2-2: Strikes out swinging
Batting: LHB Edward Woodstock 0-0: Hit by Pitch
Batting: RHB Lorenzo Rosas 0-0: Ball
Edward Woodstock steals 2nd base
1-0: Called Strike
1-1: Ball
2-1: Swinging Strike
2-2: Ground out 4-3 (Groundball, 4D)
Bottom of the 4th over - 0 runs, 0 hits, 0 errors, 1 left on base; Plymouth 4 - Milton 1
TOP OF THE 5TH
Plymouth Rocks batting - Pitching for Milton Dogfish Head : RHP Romano Martínez
Batting: LHB José Castillo 0-0: Called Strike
0-1: Foul Ball, location: 2F
0-2: Ground out 4-3 (Groundball, 34D)
Batting: SHB Roku Hara 0-0: Called Strike
0-1: Ball
1-1: Called Strike
1-2: SINGLE (Line Drive, 34D)
Batting: SHB Javier Vega 0-0: Ball
1-0: 2-RUN HOME RUN (Line Drive, 9LD), Distance : 342 ft
Batting: LHB Carlos Álvarez 0-0: Foul Ball, location: 2F
0-1: Foul Ball, location: 2F
0-2: Ball
1-2: Foul Ball, location: 2F
1-2: Ball
2-2: Ball
3-2: Strikes out swinging
Batting: SHB Arnold Griffith 0-0: Ball
1-0: Ball
2-0: Ground out 6-3 (Groundball, 6)
Top of the 5th over - 2 runs, 2 hits, 0 errors, 0 left on base; Plymouth 6 - Milton 1
BOTTOM OF THE 5TH
Milton Dogfish Head batting - Pitching for Plymouth Rocks : RHP Rafael Méndez
Batting: RHB JoJo Victory 0-0: Fly out, F7 (Flyball, 7S)
Batting: SHB Enrique Costello 0-0: SINGLE (Groundball, 34D)
Batting: LHB Víctor Robledo 0-0: Called Strike
0-1: Ball
Wild Pitch!
Enrique Costello to second
1-1: Swinging Strike
1-2: Foul Ball, location: 2F
1-2: Ball
2-2: Ground out 4-3 (Groundball, 4)
Enrique Costello to third
Batting: RHB Paco Muñóz 0-0: Swinging Strike
0-1: Ball
1-1: Ball
2-1: Ball
3-1: Base on Balls
Batting: LHB Floyd Long 0-0: Fly out, F9 (Flyball, 9S)
Bottom of the 5th over - 0 runs, 1 hit, 0 errors, 2 left on base; Plymouth 6 - Milton 1
TOP OF THE 6TH
Plymouth Rocks batting - Pitching for Milton Dogfish Head : RHP Romano Martínez
Pitching: RHP Manny Pérez
Batting: RHB Arturo Maldonado 0-0: SINGLE (Groundball, 4MD)
Batting: RHB Hubert Dodson 0-0: Foul Ball, location: 2F
0-1: Ball
1-1: Ball
2-1: Ball
3-1: Base on Balls
Arturo Maldonado to second
Batting: RHB Andrew Weeks 0-0: Ball
1-0: Ball
2-0: Ball
3-0: Base on Balls
Arturo Maldonado to third
Hubert Dodson to second
Batting: RHB John Townsend 0-0: Foul Ball, location: 2F
0-1: Swinging Strike
0-2: Strikes out swinging
Batting: LHB José Castillo 0-0: Ball
1-0: Ball
2-0: Ball
3-0: Called Strike
3-1: Swinging Strike
3-2: Fly out, F9 (Flyball, 9LMF)
Runner from 3rd tags up, SCORES, no throw
Batting: SHB Roku Hara 0-0: Foul Ball, location: 2F
0-1: SINGLE (Flyball, 8LS)
Hubert Dodson to third
Andrew Weeks to second
Runner from 3rd tries for Home, SAFE, no throw
Batting: SHB Javier Vega 0-0: Foul Ball, location: 2F
0-1: Swinging Strike
0-2: Foul Ball, location: 2F
0-2: Ball
1-2: Ball
2-2: Strikes out swinging
Top of the 6th over - 2 runs, 2 hits, 0 errors, 2 left on base; Plymouth 8 - Milton 1
BOTTOM OF THE 6TH
Milton Dogfish Head batting - Pitching for Plymouth Rocks : RHP Rafael Méndez
Batting: RHB Luis Alomar 0-0: Called Strike
0-1: Fly out, F7 (Line Drive, 78M)
Batting: RHB Miguel Montoya 0-0: Ball
1-0: Called Strike
1-1: Ground out 5-3 (Groundball, 5)
Batting: LHB Edward Woodstock 0-0: Ground out 4-3 (Groundball, 4)
Bottom of the 6th over - 0 runs, 0 hits, 0 errors, 0 left on base; Plymouth 8 - Milton 1
TOP OF THE 7TH
Plymouth Rocks batting - Pitching for Milton Dogfish Head : RHP Manny Pérez
Batting: LHB Carlos Álvarez 0-0: Called Strike
0-1: Ball
1-1: Swinging Strike
1-2: Strikes out swinging
Batting: SHB Arnold Griffith 0-0: Swinging Strike
0-1: Ball
1-1: Ball
2-1: Ball
3-1: Base on Balls
Batting: RHB Arturo Maldonado 0-0: Ball
1-0: Ball
2-0: Grounds into double play, 5-4-3 (Groundball, 56)
Top of the 7th over - 0 runs, 0 hits, 0 errors, 0 left on base; Plymouth 8 - Milton 1
BOTTOM OF THE 7TH
Milton Dogfish Head batting - Pitching for Plymouth Rocks : RHP Rafael Méndez
Batting: RHB Lorenzo Rosas 0-0: Foul Ball, location: 2F
0-1: Fly out, F8 (Flyball, 8RS)
Batting: RHB JoJo Victory 0-0: Swinging Strike
0-1: Ball
1-1: Ball
2-1: Fly out, F8 (Flyball, 8LS)
Batting: SHB Enrique Costello 0-0: Ball
1-0: Ground out 4-3 (Groundball, 4M)
Bottom of the 7th over - 0 runs, 0 hits, 0 errors, 0 left on base; Plymouth 8 - Milton 1
TOP OF THE 8TH
Plymouth Rocks batting - Pitching for Milton Dogfish Head : RHP Manny Pérez
Batting: RHB Hubert Dodson 0-0: Called Strike
0-1: Ball
1-1: Called Strike
1-2: Ball
2-2: Ground out 4-3 (Groundball, 4)
Batting: RHB Andrew Weeks 0-0: Ball
1-0: SINGLE (Flyball, 9S)
Batting: RHB John Townsend 0-0: Ball
1-0: Ball
2-0: Swinging Strike
2-1: Ground out 3-1 (Groundball, 34S)
Andrew Weeks to second
Batting: LHB José Castillo 0-0: Ball
1-0: Swinging Strike
1-1: Ball
2-1: Called Strike
2-2: Ground out 6-3 (Groundball, 6S)
Top of the 8th over - 0 runs, 1 hit, 0 errors, 1 left on base; Plymouth 8 - Milton 1
BOTTOM OF THE 8TH
Milton Dogfish Head batting - Pitching for Plymouth Rocks : RHP Rafael Méndez
Batting: LHB Víctor Robledo 0-0: Ground out 4-3 (Groundball, 4)
Batting: RHB Paco Muñóz 0-0: Called Strike
0-1: Foul Ball, location: 2F
0-2: Ball
1-2: Fly out, F8 (Flyball, 8LM)
Batting: LHB Floyd Long 0-0: Ball
1-0: Ball
2-0: Ball
3-0: Called Strike
3-1: Base on Balls
Batting: RHB Luis Alomar 0-0: Ball
1-0: Called Strike
1-1: Ball
2-1: Ball
3-1: Base on Balls
Floyd Long to second
Batting: RHB Miguel Montoya 0-0: Foul Ball, location: 2F
0-1: Called Strike
0-2: Strikes out swinging
Bottom of the 8th over - 0 runs, 0 hits, 0 errors, 2 left on base; Plymouth 8 - Milton 1
TOP OF THE 9TH
Plymouth Rocks batting - Pitching for Milton Dogfish Head : RHP Manny Pérez
Batting: SHB Roku Hara 0-0: Called Strike
0-1: Ball
1-1: SINGLE (Line Drive, 8LS)
Batting: SHB Javier Vega 0-0: Ball
1-0: Swinging Strike
1-1: Ball
2-1: Foul Ball, location: 2F
2-2: Foul Ball, location: 2F
2-2: Strikes out swinging
Batting: LHB Carlos Álvarez 0-0: Ball
1-0: Called Strike
1-1: Ball
2-1: Foul Ball, location: 2F
2-2: Ball
3-2: Base on Balls
Roku Hara to second
Batting: SHB Arnold Griffith 0-0: Ball
1-0: Fly out, F9 (Flyball, 9LM)
Batting: RHB Arturo Maldonado 0-0: Called Strike
0-1: Called Strike
0-2: Ball
1-2: Ball
2-2: SINGLE (Groundball, 56D)
Roku Hara to third
Carlos Álvarez to second
Throwing error, E7
Roku Hara scores
Carlos Álvarez to third
Arturo Maldonado to second
Batting: RHB Hubert Dodson 0-0: Ball
1-0: Foul Ball, location: 2F
1-1: Ball
2-1: Called Strike
2-2: Foul Ball, location: 2F
2-2: Fly out, F3 (Line Drive, 34S)
Top of the 9th over - 1 run, 2 hits, 1 error, 2 left on base; Plymouth 9 - Milton 1
BOTTOM OF THE 9TH
Milton Dogfish Head batting - Pitching for Plymouth Rocks : RHP Rafael Méndez
Batting: LHB Edward Woodstock 0-0: Called Strike
0-1: Foul Ball, location: 2F
0-2: Ground out 4-3 (Groundball, 4M)
Batting: RHB Lorenzo Rosas 0-0: Ball
1-0: Ball
2-0: Ball
3-0: Base on Balls
Pinch Hitting: SHB Alejandro Castillo 0-0: Ball
1-0: Ball
2-0: Swinging Strike
2-1: Foul Ball, location: 2F
2-2: Ball
Wild Pitch!
Lorenzo Rosas to second
3-2: Base on Balls
Batting: SHB Enrique Costello 0-0: Ball
1-0: Foul Ball, location: 2F
1-1: Fly out, F6 (Popup, 6M)
Pitching: LHP Ryan McCall
Batting: LHB Víctor Robledo 0-0: Called Strike
0-1: Foul Ball, location: 2F
0-2: Ball
1-2: Strikes out swinging
Bottom of the 9th over - 0 runs, 0 hits, 0 errors, 2 left on base; Plymouth 9 - Milton 1
Tuesday, December 19th, 2017 - OOTP Baseball 18.8 Build 76